 Dungeon Crawl Stone Soup version 0.20-a0-739-g6bb112f (webtiles) character file.

228 polly the Shield-Bearer (level 6, -3/38 HPs)
             Began as a Gargoyle Fighter on Feb 24, 2017.
             Killed by divine providence
             ... invoked by an orc priest
              (9 damage)
             ... on level 3 of the Dungeon.
             The game lasted 00:02:45 (3303 turns).

polly the Shield-Bearer (Gargoyle Fighter)          Turns: 3303, Time: 00:02:47

Health: -3/38      AC: 19    Str: 21    XL:     6   Next: 2%
Magic:  6/6        EV:  4    Int: 12    God:
Gold:   175        SH:  9    Dex: 10    Spells: 5/5 levels left

rFire    . . .     SeeInvis .   a - +0 flail
rCold    . . .     Gourm    .   x - +0 plate armour
rNeg     + . .     Faith    .   c - +0 shield
rPois    ∞         Spirit   .   (no helmet)
rElec    +         Reflect  .   (no cloak)
rCorr    .         Harm     .   o - +0 pair of gloves
MR       .....                  (no boots)
Stlth    ..........             (no amulet)
Regen    0.2/turn               w - +2 ring of protection
MPRegen  0.1/turn               u - +4 ring of intelligence

@: no status effects
A: negative energy resistance 1, electricity resistance, unbreathing,
petrification resistance, rot immunity, AC +4
a: no special abilities


You were on level 3 of the Dungeon.
You were very hungry.

You visited 1 branch of the dungeon, and saw 4 of its levels.

You collected 175 gold pieces.

Inventory:

Hand Weapons
 a - a +0 flail (weapon)
Armour
 c - a +0 shield (worn)
 o - a +0 pair of gloves (worn)
 x - a +0 plate armour (worn)
Jewellery
 u - a +4 ring of intelligence (left hand)
 w - a +2 ring of protection (right hand)
Wands
 b - a wand of flame (27/48)
 r - a wand of lightning (9/15)
Scrolls
 e - a scroll of recharging {unknown}
 i - a scroll of magic mapping {unknown}
 k - a scroll of remove curse {unknown}
 m - a scroll of random uselessness {unknown}
 n - 7 scrolls of identify {unknown}
 s - 2 scrolls of teleportation {unknown}
 v - a scroll of noise {unknown}
 y - a scroll of amnesia {unknown}
Potions
 d - a potion of might
 h - a potion of brilliance {unknown}
 l - a potion of resistance {unknown}
 p - a potion of haste {unknown}
 t - a potion of agility {unknown}
Comestibles
 f - 3 bread rations
 g - 3 royal jellies
 j - a fruit
 q - a meat ration


   Skills:
 + Level 4.1 Fighting
 + Level 3.8 Maces & Flails
 + Level 4.0 Armour
 + Level 1.3 Dodging
 + Level 4.5 Shields


You had 5 spell levels left.
You didn't know any spells.

Dungeon Overview and Level Annotations

Branches:
Dungeon (4/15)
 Temple: D:4-7

Altars:
Fedhas
Kikubaaqudgha
Makhleb
Vehumet

Annotations:
D:4 Robin


Innate Abilities, Weirdness & Mutations

You are resistant to torment.
Your stone body is resilient. (AC +4)
You are immune to poison.
You resist negative energy. (rN+)
You are resistant to electric shocks. (rElec)
You can survive without breathing.
You are immune to petrification.
You are immune to rotting.


Message History

You closely miss the orc priest.
The orc priest is severely wounded.
The hobgoblin hits you but does no damage.
The goblin hits you but does no damage.
The orc priest hits you with a morningstar.
The hobgoblin hits you but does no damage.
You closely miss the orc priest.
The orc priest is severely wounded.
The hobgoblin barely misses you. You block the goblin's attack.
The orc priest invokes the aid of Beogh against you.
Beogh smites you!
* * * LOW HITPOINT WARNING * * *
The hobgoblin hits you but does no damage.
You closely miss the orc priest.
The orc priest is severely wounded.
The hobgoblin hits you but does no damage.
The goblin hits you but does no damage.
The orc priest invokes the aid of Beogh against you.
Beogh smites you!
You die...

#.........../##.# #.# #.#
#...........###.# #.# #.####
#...........# #.# #.# #.....
#...........# #.###.## ########
#.()........# #......# #.......
#.(.........# #......# #.######
).).####.#'####....>.############
###.####.#.....gog...............
.........#######@g...############
###.###### #................. #
#.# #.....############ # #.#
#.....############ #
#.#############.#####..........
###.#.............# #..........
....#.############# #..........
###.#.# #.......... ....#.#
#..........


You could see an orc priest, 2 hobgoblins and a goblin.

Vanquished Creatures
  A scorpion (D:3)
  A crimson imp (D:3)
  Ijyb (D:2)
  4 adders (D:3)
  An ooze (D:2)
  2 worms
  3 dart slugs
  2 leopard geckos
  2 orcs (D:3)
  4 giant cockroaches
  4 goblins
  10 hobgoblins
  6 jackals (D:2)
  2 quokkas
  4 bats (D:1)
  10 frilled lizards
  5 kobolds
  4 rats
66 creatures vanquished.

Notes
Turn   | Place    | Note
-------+----------+-------------------------------------------
     0 | D:1      | polly the Gargoyle Fighter began the quest for the Orb.
     0 | D:1      | Reached XP level 1. HP: 14/14 MP: 1/1
   523 | D:1      | Reached XP level 2. HP: 19/19 MP: 2/2
   957 | D:2      | Reached XP level 3. HP: 23/23 MP: 3/3
  1168 | D:2      | Noticed Ijyb
  1195 | D:2      | Killed Ijyb
  1195 | D:2      | Reached XP level 4. HP: 29/29 MP: 4/4
  1833 | D:3      | Reached skill level 1 in Dodging
  1833 | D:3      | Reached XP level 5. HP: 32/33 MP: 5/5
  1864 | D:3      | Found a burning altar of Makhleb.
  1865 | D:3      | Found a radiant altar of Vehumet.
  2637 | D:3      | Reached XP level 6. HP: 38/38 MP: 6/6
  2639 | D:3      | Found a blossoming altar of Fedhas.
  2639 | D:3      | Found an ancient bone altar of Kikubaaqudgha.
  3294 | D:4      | Noticed Robin
  3303 | D:3      | Killed from afar by an orc priest

Vault maps used:
D:1:      dpeg_arrival_solitude, hex_tiny
D:2:      wad_pebble_path, first_bread, uniq_iyjb
D:3:      grunt_temple_overflow_lords_of_destruction,
          grunt_temple_overflow_growth_and_decay
D:4:      regret_index_temple_of_mockery, serial_shops,
          nicolae_shop_statue_plus, uniq_robin, uniq_pikel

Skill      XL: |  1  2  3  4  5 |
---------------+----------------+-----
Shields        | 4 |  4.5
Maces & Flails | 3 |  3.8
Dodging        | 1 |  1.3
Fighting       | 4 |  4.1
Armour         | 4 |  4.0

Action                   |  1- 3 |  4- 6 || total
-------------------------+-------+-------++-------
Melee: Flail             |    95 |   182 ||   277
  Eat: Chunk             |       |     7 ||     7
Armor: Scale mail        |    58 |   109 ||   167
       Plate armour      |       |    46 ||    46
Dodge: Dodged            |    28 |    60 ||    88
Block: Shield            |    55 |   122 ||   177
